 Dungeon Crawl Stone Soup version 0.26-a0-639-g72c4674329 (webtiles) character file.

Game seed: 18135543818025039020

4791 DogServant the Destroyer (level 10, -5/61 HPs)
             Began as a Gargoyle Conjurer on Sept 16, 2020.
             Was a Follower of Vehumet.
             Slain by an orc warrior
             ... wielding a +0 dire flail
              (22 damage)
             ... on level 8 of the Dungeon.
             The game lasted 00:26:42 (12478 turns).

DogServant the Destroyer (Gargoyle Conjurer)       Turns: 12478, Time: 00:26:43

Health: -5/61      AC: 15    Str: 12    XL:     10   Next: 47%
Magic:  14/22      EV: 11    Int: 27    God:    Vehumet [*.....]
Gold:   145        SH:  0    Dex:  8    Spells: 15/25 levels left

rFire    . . .     SeeInvis .   w - +5 short sword (venom)
rCold    . . .     Faith    .   (no shield)
rNeg     + . .     Spirit   .   u - +2 troll leather armour
rPois    ∞         Reflect  .   (no helmet)
rElec    +         Harm     .   (no cloak)
rCorr    .         Rampage  .   (no gloves)
MR       .....                  h - +0 pair of boots
Stlth    ++........             (no amulet)
HPRegen  0.60/turn              k - +6 ring of intelligence (curse)
MPRegen  0.18/turn              s - ring of stealth

@: no status effects
A: negative energy resistance 1, electricity resistance, unbreathing,
petrification resistance, rot immunity, AC +7
a: Renounce Religion


You were on level 8 of the Dungeon.
You worshipped Vehumet.
Vehumet was aware of your devotion.
You visited 2 branches of the dungeon, and saw 10 of its levels.

You collected 791 gold pieces.
You spent 646 gold pieces at shops.

Inventory:

Hand Weapons
 w - a +5 short sword of venom (weapon)
 A - a +0 rapier of speed
Armour
 h - a +0 pair of boots (worn)
 u - a +2 troll leather armour (worn)
Jewellery
 k - a cursed +6 ring of intelligence (left hand)
 s - a ring of stealth (right hand)
 y - an uncursed ring of magical power {unknown}
Wands
 t - a wand of paralysis (10)
 z - a wand of digging (7)
 B - a wand of acid (13)
Scrolls
 a - 2 scrolls of blinking
 b - 2 scrolls of fear
 e - 3 scrolls of identify
 i - 2 scrolls of enchant armour
 l - 3 scrolls of teleportation
 p - 2 scrolls of remove curse
 r - a scroll of fog
 x - a scroll of amnesia
Potions
 c - 2 potions of cancellation
 d - a potion of magic
 f - 2 potions of brilliance
 g - 3 potions of curing
 j - 2 potions of haste
 m - 5 potions of might
 n - 5 potions of heal wounds
 o - a potion of stabbing
 q - 2 potions of flight
 v - a potion of resistance


   Skills:
 + Level 6.7 Fighting
 + Level 4.6 Armour
 - Level 1.5 Dodging
 - Level 2.2 Stealth
 + Level 8.0 Spellcasting
 + Level 10.2 Conjurations
 + Level 4.7 Hexes


You had 15 spell levels left.
You knew the following spells:

 Your Spells              Type           Power        Failure   Level
a - Magic Dart            Conj           ####         1%          1
b - Searing Ray           Conj           ######       1%          2
c - Dazzling Flash        Conj/Hex       ######       1%          3
d - Fulminant Prism       Conj/Hex       ######....   3%          4

Your spell library contained the following spells:

 Spells                   Type           Power        Failure   Level
 Shock                    Conj/Air       ####         1%          1
 Iskenderun's Mystic Bla  Conj/Tloc      #####...     9%          4
 Animate Dead             Necr           ##........   54%         4
 Borgnjor's Vile Clutch   Necr/Erth      ##........   88%         5
 Death Channel            Necr           ##........   100%        6
 Simulacrum               Ice/Necr       ##........   100%        6


Dungeon Overview and Level Annotations

Branches:
Dungeon (9/15)             Temple (1/1) D:6            Lair (0/6) D:8
    Orc (0/2) D:9

Altars:
Ashenzari
Cheibriados
Dithmenos
Elyvilon
Fedhas
Gozag
Hepliaklqana
Kikubaaqudgha
Makhleb
Nemelex Xobeh
Okawaru
Qazlal
Ru
Sif Muna
Trog
Uskayaw
Vehumet
Xom
Yredelemnul
Zin
The Shining One

Shops:
D:4 }*   D:6 [   D:7 **(   D:8 *

Annotations:
D:8 2 transporters, lilly's ghost, novice MiMo


Innate Abilities, Weirdness & Mutations

You are resistant to torment.
Your stone body is resilient. (AC +7)
You are immune to poison.
You resist negative energy. (rN+)
You are resistant to electric shocks. (rElec)
You can survive without breathing.
You are immune to petrification.
You are immune to rotting.


Message History

Press: ? - help, Shift-Dir - straight line, f - orc warrior
Aim: an orc warrior, wielding a +0 dire flail and wearing a +0 plate armour The searing ray hits the orc warrior!
The orc warrior is moderately wounded. (Press . to maintain the ray.)
The orc warrior closely misses you.
The searing ray hits the orc warrior!
The orc warrior is severely wounded.
The orc hits you with a +2 flail of draining.
The orc warrior hits you with a +0 dire flail!
* * * LOW HITPOINT WARNING * * *
The searing ray hits the orc warrior!
The orc warrior is almost dead.
The orc hits you but does no damage.
The orc warrior hits you with a +0 dire flail.
* * * LOW HITPOINT WARNING * * *
The searing ray misses the orc warrior.
You finish channeling your searing ray.
The orc misses you.
The orc warrior hits you with a +0 dire flail!!
You die...

..#............##
##..###.##
####............##
##..## #... #
##...###..##..## #..##
##.. #
#...##...###..#####..#
#.. # #..###..##
##..##...## ##..
#..##...# ##......##
###... ## #..##...#
#.#####.###..##.
.####..#...## ###o#
##....####
...###...#.# ###@o##
###### # #### ##.##.#
#.o##.# # ######
#####.# ###


You could see an orc warrior and 2 orcs.

Vanquished Creatures
  A komodo dragon (D:8)
  A steam dragon (D:8)
  2 wyverns (D:8)
  An acid dragon (D:7)
  Duvessa (D:5)
  A water moccasin (D:7)
  Purgy (D:3)
  An ice beast (D:6)
  3 sky beasts
  2 orc warriors
  A black bear (D:8)
  6 ogres
  A phantom (D:7)
  2 centaurs
  2 crocodiles (D:8)
  A big kobold (D:7)
  3 bullfrogs (D:6)
  Dowan (D:5)
  A wyvern zombie (D:4)
  2 scorpions
  6 killer bees (D:7)
  4 wights (D:6)
  3 howler monkeys
  2 bullfrog zombies
  3 jellies
  A centaur skeleton (D:4)
  5 orc wizards
  5 orc priests
  3 hounds
  Ijyb (D:5)
  A gnoll shaman (D:7)
  4 iguanas
  6 worker ants
  A worker ant zombie (D:6)
  3 gnolls (D:7)
  A howler monkey skeleton (D:6)
  12 adders
  A white imp (D:7)
  2 oozes
  4 worms
  3 dart slugs
  2 leopard geckos
  22 orcs
  5 giant cockroaches
  12 goblins
  11 hobgoblins
  4 jackals (D:1)
  2 quokkas
  A ball python (D:2)
  6 bats
  5 frilled lizards
  A jackal skeleton (D:4)
  12 kobolds
  6 rats
194 creatures vanquished.

Vanquished Creatures (others)
  5 fulminant prisms (D:6)
  4 toadstools (D:1)
9 creatures vanquished.

Grand Total: 203 creatures vanquished

Notes
Turn   | Place    | Note
-------+----------+-------------------------------------------
     0 | D:1      | DogServant the Gargoyle Conjurer began the quest for the
                  | Orb.
     0 | D:1      | Reached XP level 1. HP: 10/10 MP: 3/3
   152 | D:1      | Reached XP level 2. HP: 11/15 MP: 0/5
   618 | D:1      | Learned a level 2 spell: Searing Ray
   855 | D:1      | Reached XP level 3. HP: 19/19 MP: 3/6
   960 | D:1      | Reached skill level 5 in Conjurations
  1616 | D:2      | Reached XP level 4. HP: 24/24 MP: 1/8
  2601 | D:3      | Found a sparkling altar of Nemelex Xobeh.
  2605 | D:3      | Found a shimmering altar of Xom.
  2685 | D:3      | Reached XP level 5. HP: 28/28 MP: 7/10
  2714 | D:3      | Noticed Purgy
  2985 | D:4      | Reached skill level 1 in Fighting
  2985 | D:4      | Reached skill level 6 in Conjurations
  3090 | D:5      | Entered Level 5 of the Dungeon
  3524 | D:5      | Reached XP level 6. HP: 35/35 MP: 5/12
  4039 | D:4      | Reached XP level 7. HP: 41/41 MP: 6/13
  4546 | D:4      | Reached skill level 7 in Conjurations
  4723 | D:4      | Found Isieb's Gadget Emporium.
  4815 | D:4      | Reached skill level 5 in Spellcasting
  4950 | D:4      | Learned a level 3 spell: Dazzling Flash
  5182 | D:4      | Found Zin's Purification Station.
  5188 | D:4      | Found a glowing silver altar of Zin.
  5590 | D:4      | Found an opulent altar of Gozag.
  5680 | D:5      | Reached XP level 8. HP: 46/46 MP: 12/16
  5790 | D:5      | Reached skill level 8 in Conjurations
  5855 | D:5      | Noticed Ijyb
  5865 | D:5      | Killed Ijyb
  5995 | D:5      | Learned a level 4 spell: Fulminant Prism
  6462 | D:5      | Noticed Duvessa
  6474 | D:5      | Noticed Dowan
  6478 | D:5      | Killed Duvessa
  6482 | D:5      | Killed Dowan
  6482 | D:5      | Reached skill level 1 in Hexes
  7152 | D:3      | Found a faded altar of an unknown god.
  7342 | D:3      | Found an ancient bone altar of Kikubaaqudgha.
  7354 | D:3      | Found a hazy altar of Hepliaklqana.
  7486 | D:3      | Killed Purgy
  7555 | D:3      | Found a white marble altar of Elyvilon.
  7833 | D:6      | Found Yven's Antique Armour Boutique.
  7835 | D:6      | Reached XP level 9. HP: 52/52 MP: 15/19
  7842 | D:6      | Reached skill level 9 in Conjurations
  7845 | D:6      | Bought a shiny troll leather armour for 414 gold pieces
  8163 | D:6      | Reached skill level 1 in Armour
  8267 | D:6      | Found a staircase to the Ecumenical Temple.
  8362 | Temple   | Entered the Ecumenical Temple
  8367 | Temple   | Became a worshipper of Vehumet
  8472 | D:6      | Reached skill level 5 in Fighting
  9346 | D:6      | Found a stormy altar of Qazlal.
  9605 | D:7      | Found Lapneq's Antique Weapon Boutique.
 10304 | D:7      | Reached * piety under Vehumet
 10304 | D:7      | Offered knowledge of Shock by Vehumet.
 10792 | D:7      | Found Xahuof's Assorted Antiques.
 10800 | D:7      | Bought a scroll of blinking for 232 gold pieces
 10865 | D:7      | Found a sacrificial altar of Ru.
 10871 | D:7      | Found Usmi Bei's General Store.
 10969 | D:7      | Reached XP level 10. HP: 60/60 MP: 16/21
 11007 | D:7      | Noticed a death knight
 11097 | D:8      | Found a bloodstained altar of Trog.
 11097 | D:8      | Found a transporter.
 11097 | D:8      | Noticed lilly's ghost (novice MiMo)
 11154 | D:8      | Noticed a moth of wrath
 11183 | D:8      | Found a transporter.
 11294 | D:8      | Found a glowing golden altar of the Shining One.
 11517 | D:8      | Found Zofi's Assorted Antiques.
 11832 | D:8      | Reached skill level 10 in Conjurations
 11972 | D:8      | Found a staircase to the Lair.
 12467 | D:9      | Found a staircase to the Orcish Mines.
 12478 | D:8      | Slain by an orc warrior

Illustrated notes

Levels and vault maps discovered:
D:1:      minmay_arrival_pointy, layout_loops_ring, minivault_11,
          minmay_gold_behind_fungi
D:2:      layout_loops_ring, serial_glass, glass_columns_a, glass_columns_b,
          glass_columns_a, glass_columns_c, glass_columns_c, glass_columns_c,
          due_unseen_surprise, feat_on_display, minmay_misc_feat_secret_circle,
          kennysheep_generic_room_8
D:3:      layout_loops_ring, nemelex_xobeh_ov_fountains_minmay,
          brannock_xom_greatest_gift, amethyst_overflow_temple_binary,
          chequers_ecumenical_altar_simple_redux, moated_statue,
          elyvilon_altar_3, uniq_purgy
D:4:      layout_loops_ring, zin_purify, marbit_many_paths, serial_shops,
          kennysheep_little_box
D:5:      layout_basic, uniq_duvessa, uniq_ijyb
D:6:      layout_loops_ring, nicolae_qazlal_eye_of_the_storm,
          minmay_temple_entry_poolview, serial_shops, shop_fountains
D:7:      minmay_blocky_corners, layout_basic, nicolae_ru_path_of_blood,
          kennysheep_mini_moat, serial_shops, shop, nicolae_shop_behind_doors,
          nicolae_shop_crystal, shop, nicolae_shop_competitors_out_of_business
D:8:      layout_layer_cave, lemuel_crystal_altar, erik_lair_dragon,
          enter_ossuary_2, gammafunk_ghost_wrathful_warriors, serial_shops,
          kennysheep_mini
D:9:      layout_long_grid, orc_david_3, serial_shops, nicolae_shop_trees,
          gammafunk_ghost_necromancy
Temple:   minmay_freezing_vapour_temple

Skill      XL: |  1  2  3  4  5  6  7  8  9 10 |
---------------+-------------------------------+-----
Conjurations   | 5 6 7 8 9 10 | 10.2
Spellcasting   | 3 4 5 6 7 8 |  8.0
Fighting       | 2 3 4 5 6 |  6.7
Hexes          | 2 3 4 |  4.7
Armour         | 3 4 |  4.6
Dodging        | |  1.5
Stealth        | |  2.2

Action                   |  1- 3 |  4- 6 |  7- 9 | 10-12 || total
-------------------------+-------+-------+-------+-------++-------
Melee: Unarmed           |     9 |       |       |       ||     9
       Dagger            |    11 |    16 |    21 |       ||    48
       Short sword       |       |       |     4 |     1 ||     5
 Cast: Magic Dart        |    50 |    41 |    96 |     8 ||   195
       Searing Ray       |     5 |    22 |    89 |    22 ||   138
       Fulminant Prism   |       |       |     5 |       ||     5
  Use: Potion            |     1 |       |       |       ||     1
       Scroll            |       |     8 |    10 |     2 ||    20
 Stab: Sleeping          |       |       |       |     1 ||     1
Armor: Robe              |    15 |    25 |    15 |       ||    55
       Troll leather arm |       |       |    13 |     6 ||    19
Dodge: Dodged            |    31 |    49 |    40 |     9 ||   129

Table legend: (Time is in decaauts)
 A = Elapsed time spent in this place.
 B = Non-inter-level travel time spent in this place.
 C = Inter-level travel time spent in this place.
 D = Time resting spent in this place.
 E = Time spent auto-exploring this place.
 F = Levels seen in this place.
 G = Mean time per level.
                   A        B        C        D        E       F      G
               +--------+--------+--------+--------+--------+-----+--------+
         Total |  12487 |  12090 |    397 |   3452 |   7195 |  10 | 1248.7 |
       Dungeon |  12476 |  12084 |    392 |   3452 |   7195 |   9 | 1386.2 |
        Temple |     10 |      5 |      5 |      0 |      0 |   1 |   10.0 |
               +--------+--------+--------+--------+--------+-----+--------+

Top non-repeatable levels by time:
     D:4: 2350 daAuts
     D:5: 1918 daAuts
     D:6: 1822 daAuts
     D:7: 1460 daAuts
     D:8: 1443 daAuts
     D:1: 1323 daAuts
     D:2: 1134 daAuts
     D:3: 1016 daAuts
  Temple: 10 daAuts
     D:9: 6 daAuts
